AoeStats
← Raghuram6I

Arabia

503778733Analyzed
1v1 RM · 1mo ago on Sep 2, 2026· 68m 17s· 2 players
Game mode
Random Map
Map size
Tiny (2 player)
Population
200
Speed
Normal
Resources
Standard
Victory
Conquest
Starting age
Dark Age
Ending age
Imperial Age
RankedLock teamsTeams togetherTeam positionsShared explorationLock speedFull tech treeHidden civsTurbo modeCheats
Victory
Defeat
🇨🇳 Huns · China
866
+14
🇮🇳 Vietnamese · India
818
-14
Raghuram6I
11:42 Feudal Age
10:00 Loom
12:35 Double-Bit Axe
12:31 Horse Collar
12:44 Gold Mining
18:37 Stone Mining
20:54 Castle Age
19:10 Fletching
19:33 Forging
19:48 Scale Mail Armor
20:59 Bloodlines
21:10 Pikeman
21:52 Squires
22:19 Elite Skirmisher
27:21 Wheelbarrow
27:53 Bow Saw
29:06 Stone Shaft Mining
30:29 Heavy Plow
31:25 Hand Cart
31:35 Fletching
36:07 Imperial Age
33:45 Padded Archer Armor
33:43 Arson
34:19 Town Watch
35:14 Town Patrol
35:34 Leather Archer Armor
35:57 Iron Casting
36:55 Chain Mail Armor
37:28 Crop Rotation
36:39 Halberdier
36:46 Halberdier
39:26 Paper Money
40:02 Plate Mail Armor
39:28 Bodkin Arrow
39:48 Leather Archer Armor
39:39 Scale Barding Armor
41:00 Two-Man Saw
40:26 Ballistics
39:47 Treadmill Crane
40:03 Murder Holes
39:50 Imperial Skirmisher
41:43 Chatras
41:39 Elite Fire Lancer
44:52 Bracer
45:22 Ring Archer Armor
45:12 Chain Barding Armor
46:00 Hoardings
44:56 Sappers
46:29 Chemistry
45:34 Siege Engineers
45:41 Fortified Wall
46:20 Thumb Ring
47:11 Elite Rattan Archer
48:16 Bombard Tower
53:31 Husbandry
52:53 Cavalier
52:55 Elite Battle Elephant
54:25 Cavalier
57:09 Plate Barding Armor
1169656596
10:06 Feudal Age
16:23 Wheelbarrow
16:35 Double-Bit Axe
19:11 Castle Age
17:57 Bloodlines
24:18 Forging
23:59 Fletching
25:29 Gold Mining
25:31 Stone Mining
25:53 Bow Saw
25:26 Horse Collar
26:33 Squires
31:29 Hand Cart
31:00 Town Watch
31:01 Loom
32:03 Scale Barding Armor
33:03 Town Patrol
33:53 Husbandry
36:42 Imperial Age
35:09 Pikeman
35:51 Husbandry
36:28 Iron Casting
35:53 Scale Mail Armor
36:14 Chain Barding Armor
36:18 Ballistics
36:52 Gold Shaft Mining
38:52 Blast Furnace
38:08 Chain Mail Armor
38:09 Cavalier
38:12 Halberdier
40:02 Chemistry
39:39 Plate Barding Armor
40:22 Conscription
39:32 Paladin
40:23 Arson
40:39 Bodkin Arrow
40:45 Padded Archer Armor
45:44 Masonry
45:30 Murder Holes
45:51 Elite Skirmisher
46:37 Thumb Ring
47:36 Light Cavalry
49:22 Bracer
49:37 Leather Archer Armor
55:24 Hussar
57:13 Sappers
Connection lost

Rejoining the realm…

Still unreachable

The connection could not be restored.

Session expired

The server has moved on; the page needs a fresh start.